 Dungeon Crawl Stone Soup version 0.31.0-9-g3a7656b989 (webtiles) character file.

Game seed: 1361142116396671503

1252 qw the Nimble (level 8, -8/40 HPs)
             Began as a Spriggan Hunter on Feb 2, 2024.
             Was an Initiate of Okawaru.
             Mangled by a gnoll
             ... wielding a +0 whip
              (21 damage)
             ... on level 4 of the Dungeon.
             The game lasted 00:00:14 (3289 turns).

qw the Nimble (Spriggan Hunter)                     Turns: 3289, Time: 00:00:15

Health: -8/40      AC:  3    Str:  5    XL:     8   Next: 26%
Magic:  9/9        EV:  4    Int: 11    God:    Okawaru [......]
Gold:   989        SH:  0    Dex: 20    Spells: 7/7 levels left

rFire   + . .        i - +2 arbalest of Defiance {penet, rPois rF+ rN+ Str-2}
rCold   . . .        (shield currently unavailable)
rNeg    + . .        e - +1 robe
rPois   +            (helmet restricted)
rElec   .            (no cloak)
rCorr   .            (gloves unavailable)
SInv    +            (boots unavailable)
Will    +....        (no amulet)
Stlth   ++           (no ring)
HPRegen 0.26/turn    (no ring)
MPRegen 0.11/turn

%: no passive effects
@: sleeping, very quick
A: very small, no large weapons, unfitting armour, see invisible, speed 3
a: Renounce Religion


You were on level 4 of the Dungeon.
You worshipped Okawaru.
Okawaru was noncommittal.
You visited 2 branches of the dungeon, and saw 6 of its levels.

You collected 989 gold pieces.


Innate Abilities, Weirdness & Mutations

You are very small and have problems with some larger weapons.
You are too small for most types of armour.
You have supernaturally acute eyesight. (SInv)
You cover ground extremely quickly. (Speed+++)


   Skills:
 - Level 3.0 Fighting
 + Level 8.0 Ranged Weapons
 - Level 8.9 Dodging
 - Level 1.5 Stealth


You had 7 spell levels left.
You didn't know any spells.
Your spell library was empty.

Inventory:

Hand Weapons
 i - the +2 arbalest of Defiance (weapon) {penet, rPois rF+ rN+ Str-2}
   (You acquired it on level 4 of the Dungeon)

   Str-2:     It affects your strength (-2).
   rF+:       It protects you from fire.
   rPois:     It protects you from poison rN+: It protects you from negative
   energy.
Armour
 e - a +1 robe (worn)
Wands
 c - a wand of iceblast (2)
 g - a wand of polymorph (11)
 l - a wand of flame (17)
Potions
 b - a potion of curing
 d - a potion of magic
 f - a potion of might {unknown}
 h - a potion of heal wounds

Dungeon Overview and Level Annotations

Branches:
Dungeon (5/15)             Temple (1/1) D:4

Altars:
Ashenzari
Cheibriados
Dithmenos
Elyvilon
Fedhas
Gozag
Hepliaklqana
Makhleb
Nemelex Xobeh
Okawaru
Ru
Sif Muna
Trog
Vehumet
Yredelemnul
Zin
The Shining One


Message History

The gnoll barely misses you. The gnoll misses you.
The sleepcap completely misses you. The gnoll closely misses you.
You shoot a bolt. The bolt barely misses the gnoll.
The sleepcap releases spores at you.
You are engulfed in a cloud of soporific spores!
You fall asleep.
The gnoll hits you with a +0 whip.
You wake up.
The gnoll misses you. x2
You shoot a bolt. The bolt closely misses the gnoll.
The sleepcap releases spores at you. The gnoll closely misses you.
The gnoll misses you. The gnoll hits you with a +0 club. The gnoll misses you.
The gnoll closely misses you. The sleepcap misses you.
The gnoll completely misses you.
You shoot a bolt. The bolt pierces through the gnoll.
The gnoll is almost dead.
The sleepcap closely misses you. The gnoll misses you.
The gnoll hits you but does no damage.
An orc comes into view. It is wielding a +0 mace.
The gnoll hits you with a +0 club.
3284 ||| DRINKING 2 potions of heal wounds.
You feel much better. The sleepcap completely misses you.
The gnoll barely misses you. The gnoll completely misses you.
The gnoll misses you.
3285 ||| STAIRDANCE The sleepcap releases spores at you.
The gnoll hits you with a +0 club. The gnoll misses you.
The gnoll closely misses you.
You climb upwards.
There is a stone staircase leading down here.
You shoot a bolt. The bolt barely misses the gnoll. x2
The gnoll barely misses you. The sleepcap barely misses you.
The gnoll misses you. The sleepcap misses you.
You shoot a bolt. The bolt barely misses the gnoll.
The bolt pierces through the gnoll!!
You kill the gnoll!
Okawaru accepts your kill. The gnoll hits you with a +0 whip!
The sleepcap releases spores at you.
You are engulfed in a cloud of soporific spores!
You fall asleep.
The gnoll hits you with a +0 whip!!
Ouch! That really hurt!
You die...

#.# ###.## #......
##.########## #....# #.###.#
#...........###.#..####.###..
#..########.##.#.............
#..# #.).###....)).....# #..#
####.#.###.##.##### #..#
##.## #.##.##
#.)############.# #.#...####
#...#.....gf@g).# #.#.......
#.#.#.########### #.#...####
#.#.#.## #.##>## #.#....#
#.##.# #.#)...# #.##.#
#.#....# ########.##.#
#.#..########........##.#
#.#........)..#########.#
#.##.########## #.#


You could see a sleepcap and 2 gnolls.

Vanquished Creatures
  Pikel (D:4)
  Grinder (D:4)
  A centaur (D:4)
  A lemure (D:4)
  A bullfrog (D:4)
  A scorpion (D:4)
  2 howler monkeys (D:4)
  An orc priest (D:2)
  A hound (D:4)
  Ijyb (D:4)
  5 adders
  9 gnolls
  3 dart slugs
  A ribbon worm (D:3)
  5 orcs
  8 endoplasms
  7 giant cockroaches
  10 goblins
  12 hobgoblins
  2 jackals (D:1)
  6 kobolds
  3 quokkas
  10 ball pythons
  9 bats
  2 frilled lizards
  5 rats
108 creatures vanquished.

Notes
Turn   | Place    | Note
-------+----------+-------------------------------------------
     0 | D:1      | qw the Spriggan Hunter began the quest for the Orb.
     0 | D:1      | Reached XP level 1. HP: 10/10 MP: 2/2
     0 | D:1      | 0 ||| qw: Version: 0.3-a-155-g5e7d8dd
     0 | D:1      | 0 ||| qw: Game counter: 1138
     0 | D:1      | 0 ||| qw: Melee chars always use a shield: true
     0 | D:1      | 0 ||| qw: God list: Okawaru
     0 | D:1      | 0 ||| qw: Allow faded altars: false
     0 | D:1      | 0 ||| qw: Do Orc after clearing Dungeon:15 true
     0 | D:1      | 0 ||| qw: Do second Lair branch before Depths: true
     0 | D:1      | 0 ||| qw: Lair rune preference: random
     0 | D:1      | 0 ||| qw: Goals: Normal
     0 | D:1      | 0 ||| PLANNING D:1-11
    21 | D:1      | Reached skill level 3 in Dodging
   170 | D:1      | Reached XP level 2. HP: 14/14 MP: 3/3
   418 | D:1      | Reached XP level 3. HP: 18/18 MP: 4/4
   593 | D:1      | 593 ||| READING scroll labelled BUMNYE LIXZOUC.
   594 | D:1      | 594 ||| READING scroll labelled IZITUOR NOVO.
   594 | D:1      | 594 ||| IDENTIFYING clear potion
   595 | D:1      | 595 ||| READING scroll labelled VUEJAILU ANUV.
   595 | D:1      | Identified a scroll of acquirement
   595 | D:1      | 595 ||| ACQUIRING 798 gold pieces
   595 | D:1      | Acquired 798 gold pieces
   597 | D:1      | 597 ||| DRINKING 2 bubbling golden potions.
   598 | D:1      | 598 ||| DROPPING scroll of butterflies.
   599 | D:1      | 599 ||| DROPPING potion of brilliance.
   678 | D:2      | Found a faded altar of an unknown god.
   845 | D:2      | 845 ||| RETREEEEATING.
   847 | D:2      | 847 ||| RETREEEEATING.
   848 | D:2      | 848 ||| RETREEEEATING.
   858 | D:2      | Reached XP level 4. HP: 18/22 MP: 5/5
   861 | D:2      | HP: 1/22 [gnoll/+0 whip (10)]
   862 | D:2      | 862 ||| DRINKING 3 potions of heal wounds.
   943 | D:2      | HP: 1/22 [gnoll/+0 flail (7)]
   944 | D:2      | 944 ||| DRINKING 2 potions of heal wounds.
  1310 | D:2      | 1310 ||| READING scroll labelled REUTRE RAOWURCH.
  1585 | D:2      | 1585 ||| READING scroll labelled NEILI KOUNLIDD.
  1585 | D:2      | 1585 ||| BRANDING +0 shortbow.
  1586 | D:2      | 1586 ||| DRINKING 2 emerald potions.
  1655 | D:3      | 1655 ||| STAIRDANCE
  1679 | D:3      | 1679 ||| STAIRDANCE
  1681 | D:2      | HP: 5/23 [orc/+0 dagger (4)]
  1682 | D:2      | Reached XP level 5. HP: 6/26 MP: 6/6
  1682 | D:2      | 1682 ||| DRINKING potion of heal wounds.
  1734 | D:3      | 1734 ||| STAIRDANCE
  1750 | D:3      | 1750 ||| STAIRDANCE
  2341 | D:4      | Reached skill level 6 in Ranged Weapons
  2350 | D:4      | Reached XP level 6. HP: 30/30 MP: 7/7
  2412 | D:4      | Noticed Pikel
  2419 | D:4      | 2419 ||| DRINKING potion of haste.
  2424 | D:4      | Killed Pikel
  2425 | D:4      | Reached XP level 7. HP: 32/35 MP: 8/8
  2533 | D:4      | Noticed Grinder
  2538 | D:4      | Killed Grinder
  2658 | D:4      | Noticed Ijyb
  2665 | D:4      | Killed Ijyb
  2666 | D:4      | 2666 ||| FLEEEEING.
  2667 | D:4      | 2667 ||| FLEEEEING.
  2668 | D:4      | 2668 ||| FLEEEEING.
  2669 | D:4      | 2669 ||| FLEEEEING.
  2672 | D:4      | 2672 ||| FLEEEEING.
  2818 | D:4      | Reached XP level 8. HP: 39/39 MP: 9/9
  2851 | D:4      | Found a staircase to the Ecumenical Temple.
  2852 | D:4      | 2852 ||| PLANNING TEMPLE
  2852 | D:4      | 2852 ||| UPGRADING to +1 robe.
  2862 | D:4      | 2862 ||| DROPPING +0 robe.
  2863 | D:4      | 2863 ||| READING scroll of identify.
  2863 | D:4      | 2863 ||| IDENTIFYING grey potion
  2864 | D:4      | 2864 ||| READING scroll labelled EWASSI ZUMEGH.
  2936 | D:4      | 2936 ||| READING scroll labelled YTEW CIFEITEE.
  2936 | D:4      | 2936 ||| ENCHANTING +0 shortbow of electrocution.
  2937 | D:4      | 2937 ||| READING scroll labelled WINUNU UKLI.
  2945 | Temple   | Entered the Ecumenical Temple
  2946 | Temple   | 2946 ||| PLANNING OKAWARU WORSHIP
  2974 | Temple   | Became a worshipper of Warmaster Okawaru
  2975 | Temple   | 2975 ||| PLANNING D:1-11
  3011 | D:4      | 3011 ||| READING scroll of acquirement.
  3011 | D:4      | 3011 ||| ACQUIRING +2 arbalest of Defiance {penet, rPois
                  | rF+ rN+ Str-2}
  3011 | D:4      | Acquired the +2 arbalest of Defiance {penet, rPois rF+ rN+
                  | Str-2}
  3013 | D:4      | 3013 ||| SWAPPING to +2 arbalest of Defiance {penet, rPois
                  | rF+ rN+ Str-2}.
  3014 | D:4      | 3014 ||| DROPPING +1 shortbow of electrocution.
  3231 | D:4      | 3231 ||| READING scroll of identify.
  3231 | D:4      | 3231 ||| IDENTIFYING lumpy silvery potion
  3256 | D:5      | Entered Level 5 of the Dungeon
  3258 | D:5      | 3258 ||| STAIRDANCE
  3261 | D:4      | Reached skill level 3 in Fighting
  3283 | D:5      | HP: 9/40 [gnoll/+0 club (5)]
  3284 | D:5      | 3284 ||| DRINKING 2 potions of heal wounds.
  3285 | D:5      | 3285 ||| STAIRDANCE
  3289 | D:4      | Mangled by a gnoll

Levels and vault maps discovered:
D:1:      dpeg_arrival_rooms_with_view, layout_basic
D:2:      layout_loops_corners, dreamdust_ecumenical_altar_grove,
          kennysheep_generic_room_10
D:3:      cheibrodos_helix_gallery, layout_basic, chequers_decorated_corner
D:4:      layout_loops_ring, minmay_temple_entry_steel_oval, uniq_pikel,
          uniq_grinder, uniq_ijyb
D:5:      layout_cave_pools, minmay_misc_feat_rows
Temple:   bh_familiar_temple

Skill      XL: |  1  2  3  4  5  6  7  8 |
---------------+-------------------------+-----
Dodging        | 3 4 5 8 |  8.9
Ranged Weapons | 5 6 7 8 |  8.0
Fighting       | 2 3 |  3.0
Stealth        | |  1.5

Action                     |  1- 3 |  4- 6 |  7- 9 || total
---------------------------+-------+-------+-------++-------
   Fire: Shortbow          |   108 |   158 |    54 ||   320
         Arbalest          |       |       |    16 ||    16
    Use: Scroll            |     3 |     2 |     6 ||    11
         Potion            |     1 |     5 |     1 ||     7
 Armour: Robe              |    10 |    39 |    24 ||    73
  Dodge: Dodged            |    43 |    82 |    54 ||   179

Table legend:
 A = Non-vault XP
 B = Vault XP
 C = Vault XP percentage of total XP
 D = Non-vault monster count
 E = Vault monster count
 F = Vault count percentage of total count
                 A         B        C        D         E       F
            +---------+---------+-------+---------+---------+-------
      Total |     816 |     973 |  54.4 |      99 |       8 |   7.5
            +---------+---------+-------+---------+---------+-------
        D:1 |      45 |       4 |   8.2 |      26 |       2 |   7.1
        D:2 |     176 |       4 |   2.2 |      32 |       2 |   5.9
        D:3 |      63 |       4 |   6.0 |      16 |       1 |   5.9
        D:4 |     532 |     961 |  64.4 |      25 |       3 |  10.7
            +---------+---------+-------+---------+---------+-------
